 Dungeon Crawl Stone Soup version 0.30-a0-279-g4b46babb21 (webtiles) character file.

Game seed: 16101905202064365299

67 lunkers the Insei (level 4, 0/35 HPs)
             Began as a Meteoran Transmuter on Oct 16, 2022.
             Was a Priest of Jiyva.
             Slain by a black bear (4 damage)
             ... on level 3 of the Dungeon.
             The game lasted 00:02:08 (1115 turns).

lunkers the Insei (Meteoran Transmuter)             Turns: 1115, Time: 00:02:09

Health: 0/35       AC:  2    Str: 14    XL:     4   Next: 65%
Magic:  9/9        EV: 13    Int: 13    God:    Jiyva [***...]
Gold:   83         SH:  0    Dex: 20    Spells: 5/8 levels left

rFire   . . .      SeeInvis +    l - +7 sling "Tedgho" {flame, Fly Will++ Str-3}
rCold   . . .      Faith    .    (no shield)
rNeg    . . .      Spirit   .    a - +0 robe
rPois   .          Reflect  .    (no helmet)
rElec   .          Harm     .    (no cloak)
rCorr   +          Rampage  .    (no gloves)
Will    ++...                    (no boots)
Stlth   +.........               (no amulet)
HPRegen 1.37/turn                c - ring of see invisible
MPRegen 0.46/turn                (no ring)

@: flying, glowing
A: sense surroundings 1, otherworldly, glowing, explore regen, agile 2, strong 2
a: Renounce Religion, Oozemancy


You were on level 3 of the Dungeon.
You worshipped Jiyva.
Jiyva was most pleased with you.
You visited 1 branch of the dungeon, and saw 3 of its levels.

You collected 83 gold pieces.

Inventory:

Hand Weapons
 f - a +2 scimitar of venom
 j - a +3 dagger of venom
 l - the +7 sling "Tedgho" (weapon) {flame, Fly Will++ Str-3}
   (You found it on level 2 of the Dungeon)

   Any ammunition fired from it burns those it strikes, dealing additional fire
   damage.
   Str:       It affects your strength (-3).
   Fly:       It grants you flight.
   Will:      It greatly increases your willpower.
Armour
 a - a +0 robe (worn)
Jewellery
 c - a ring of see invisible (left hand)
Wands
 d - a wand of quicksilver (5)
Scrolls
 e - 2 scrolls of teleportation
 h - a scroll of fog {unknown}
 k - 2 scrolls of identify {unknown}
 m - a scroll of vulnerability {unknown}
 p - a scroll of silence {unknown}
Potions
 b - a potion of lignification
 g - a potion of flight {unknown}
 i - a potion of brilliance {unknown}
 n - a potion of berserk rage {unknown}
 o - a potion of curing {unknown}


   Skills:
 - Level 1.1 Fighting
 + Level 0.6 Ranged Weapons
 - Level 2.4 Dodging
 - Level 5.4 Unarmed Combat
 - Level 2.6 Spellcasting
 - Level 3.1 Transmutations


You had 5 spell levels left.
You knew the following spells:

 Your Spells              Type           Power      Damage    Failure   Level
b - Wereblood             Tmut           9%         N/A       10%         2
p - Beastly Appendage     Tmut           18%        N/A       7%          1

Your spell library contained the following spells:

 Spells                   Type           Power      Damage    Failure   Level
 Spider Form              Tmut/Pois      5%         N/A       36%         3
 Ice Form                 Ice/Tmut       5%         N/A       77%         4


Dungeon Overview and Level Annotations

Branches:
Dungeon (3/15) Zot: 683

Altars:
Uskayaw
Jiyva


Innate Abilities, Weirdness & Mutations

You passively map a small area around you.
You are easily found by Zot.
You glow in the dark.
You regain HP and MP as you explore.
You are very agile. (Dex +8, Str/Int -2)
Your muscles are very strong. (Str +8, Int/Dex -2)


Message History

The black bear claws you.
* * * LOW HITPOINT WARNING * * *
The black bear claws you but does no damage.
Fire: l) +7 sling "Tedgho" {flame, Fly Will++ Str-3}
Press: ? - help, Q - select action, (/) - cycle Shift-Dir - straight line, f/p - black bear
Aim: a black bear (severely wounded, berserk, 73% to hit)
You shoot a sling bullet. The sling bullet hits the black bear.
The sling bullet burns the black bear.
The black bear is almost dead.
The bat hits you but does no damage. The black bear misses you.
The black bear claws you.
* * * LOW HITPOINT WARNING * * *
The black bear claws you.
* * * LOW HITPOINT WARNING * * *
The black bear completely misses you. The black bear barely misses you.
The black bear claws you.
* * * LOW HITPOINT WARNING * * *
Aiming: Quicksilver Bolt
Press: ? - help, Shift-Dir - straight line, f - hobgoblin, p - black bear
Aim: a hobgoblin (almost dead, 71% to hit)
The bolt of dispelling energy misses the black bear.
The bolt of dispelling energy hits the hobgoblin!
You kill the hobgoblin!
The bat closely misses you.
The black bear bites you but does no damage.
The black bear claws you.
* * * LOW HITPOINT WARNING * * *
The black bear claws you.
* * * LOW HITPOINT WARNING * * *
Aiming: Quicksilver Bolt
Press: ? - help, Shift-Dir - straight line, f - black bear
Aim: a black bear (almost dead, berserk, 79% to hit)
The bolt of dispelling energy misses the black bear.
The bat hits you but does no damage. The black bear misses you. x2
The black bear claws you.
* * * LOW HITPOINT WARNING * * *
The black bear bites you.
* * * LOW HITPOINT WARNING * * *
The black bear misses you. The black bear claws you.
You die...

#.#..#...... #.
#.#..#...... , , #.
#.#..##..... * ####.#*
#.#..####.## ,
......#######.#...).....
, ...............<......
* ..†######.##########
,####.#h######.# ,
.......@......# * *
######b######## * , #.
,, * #. * * ..* ** *##


You could see a black bear (berserk) and a bat.

Vanquished Creatures
  4 adders (D:2)
  2 dart slugs (D:1)
  4 ball pythons
  2 giant cockroaches
  5 hobgoblins
  A quokka (D:1)
  2 bats (D:1)
  A frilled lizard (D:3)
  3 goblins
  2 kobolds
  2 rats
28 creatures vanquished.

Vanquished Creatures (others)
  A jelly (D:2)
  An adder (D:2)
  A worm (D:2)
  An endoplasm (D:2)
  A hobgoblin (D:2)
  A jackal (D:2)
  2 frilled lizards (D:2)
  A kobold (D:2)
9 creatures vanquished.

Grand Total: 37 creatures vanquished

Notes
Turn   | Place    | Note
-------+----------+-------------------------------------------
     0 | D:1      | lunkers the Meteoran Transmuter began the quest for the
                  | Orb.
     0 | D:1      | Reached XP level 1. HP: 16/16 MP: 5/5
    96 | D:1      | Found a faded altar of an unknown god.
   106 | D:1      | Prayed at the altar of an unknown god.
   106 | D:1      | Became a worshipper of Jiyva Jeorghir the Shapeless
   106 | D:1      | Reached * piety under Jiyva
   213 | D:1      | Reached skill level 4 in Unarmed Combat
   213 | D:1      | Reached XP level 2. HP: 20/23 MP: 6/6
   391 | D:2      | Learned a level 2 spell: Wereblood
   393 | D:2      | Reached ** piety under Jiyva
   408 | D:2      | Reached XP level 3. HP: 28/28 MP: 8/8
   777 | D:2      | Reached skill level 5 in Unarmed Combat
   789 | D:2      | Reached XP level 4. HP: 23/35 MP: 9/9
   800 | D:2      | Identified the +7 sling "Tedgho" {flame, Fly Will++ Str-3}
   955 | D:3      | Found a hide-covered altar of Uskayaw.
  1035 | D:3      | Reached *** piety under Jiyva
  1035 | D:3      | Gained mutation: Your muscles are strong. (Str +4, Int/Dex
                  | -1) [Jiyva's grace]
  1035 | D:3      | Gained mutation: Your muscles are very strong. (Str +8,
                  | Int/Dex -2) [Jiyva's grace]
  1035 | D:3      | Gained mutation: You are agile. (Dex +4, Str/Int -1)
                  | [Jiyva's grace]
  1035 | D:3      | Gained mutation: You are very agile. (Dex +8, Str/Int -2)
                  | [Jiyva's grace]
  1107 | D:3      | Noticed a black bear
  1115 | D:3      | Slain by a black bear

Illustrated notes

Levels and vault maps discovered:
D:1:      minmay_arrival_four_houses, layout_basic,
          hellmonk_ecumenical_altar_lost_god, minmay_misc_feat_columns
D:2:      minmay_evil_eye, layout_loops_ring
D:3:      layout_loops_ring, old_standard_altar, serial_shops,
          nicolae_shop_hallway_plus

Skill      XL: |  1  2  3 |
---------------+----------+-----
Unarmed Combat | 4 5 |  5.4
Transmutations | 3 |  3.1
Fighting       | |  1.1
Ranged Weapons | |  0.6
Dodging        | |  2.4
Spellcasting   | |  2.6

Action                   |  1- 3 |  4- 6 || total
-------------------------+-------+-------++-------
Melee: Unarmed           |    73 |       ||    73
       Kick              |     4 |       ||     4
       Headbutt          |     4 |       ||     4
       Punch             |     1 |       ||     1
 Fire: Sling             |       |    19 ||    19
 Cast: Beastly Appendage |     5 |       ||     5
Evoke: Wand              |       |     2 ||     2
  Use: Scroll            |     1 |       ||     1
Armor: Robe              |    15 |     4 ||    19
Dodge: Dodged            |    41 |    14 ||    55

Table legend: (Time is in decaauts)
 A = Elapsed time spent in this place.
 B = Non-inter-level travel time spent in this place.
 C = Inter-level travel time spent in this place.
 D = Time resting spent in this place.
 E = Time spent auto-exploring this place.
 F = Levels seen in this place.
 G = Mean time per level.
                   A        B        C        D        E       F      G
               +--------+--------+--------+--------+--------+-----+--------+
         Total |   1115 |   1088 |     27 |      0 |    842 |   3 |  371.7 |
       Dungeon |   1115 |   1088 |     27 |      0 |    842 |   3 |  371.7 |
               +--------+--------+--------+--------+--------+-----+--------+

Top non-repeatable levels by time:
     D:2: 572 daAuts
     D:1: 364 daAuts
     D:3: 178 daAuts
